Map: Oxide LE

Players

ZUNZET

  • Race: Zerg Zerg
  • League: Master

ViBE - Winner!

  • Race: Zerg Zerg
  • League: Master

VOD

Have the link to the VOD?

Description

Time

  • Played on: May 5, 2021, 11:27 p.m.
  • Length: 6:39
Show
View Real Time Build Order
Export as new Build Order

ZUNZET Zerg 

Build Orders: Hatch First 

Get SALT Encoding   

  12  0:01  Drone  
  13  0:12  Overlord  
  13  0:16  Drone  
  14  0:31  Drone x2  
  14  0:34  Drone  
  17  0:51  Hatchery  
  17  0:54  Drone  
  17  1:07  Spawning Pool  
  17  1:09  Extractor  
  15  1:12  Drone  
  15  1:15  Drone  
  17  1:19  Drone  
  18  1:28  Drone  
  19  1:55  Queen, Overlord  
  21  2:04  Queen, Zergling x2  
  21  2:05  Drone x2  
  26  2:09  Metabolic Boost  
  26  2:12  Drone  
  26  2:14  Drone  
  28  2:23  Drone  
  28  2:25  Drone  
  30  2:33  Drone  
  30  2:34  Spine Crawler  
  30  2:54  Overlord  
  30  2:55  Drone x3  
  30  2:57  Hatchery  
  32  3:08  Zergling x8  
  36  3:15  Zergling x10  
  41  3:23  Zergling x2  
  41  3:26  Queen  
  44  3:44  Overlord  
  44  3:48  Roach Warren  
  36  4:15  Drone x4  
  36  4:16  Overlord  
  38  4:20  Zergling x10  
  42  4:28  Roach x2  
  46  4:33  Roach x2  
  46  4:37  Roach  
  52  4:45  Roach x4  
  59  4:49  Overlord x3  
  59  5:04  Hatchery  
  59  5:06  Zergling x6  
  59  5:09  Zergling x2  
  60  5:18  Zergling x2  
  59  5:24  Evolution Chamber  
  59  5:27  Evolution Chamber  
  55  5:32  Zergling x6  
  59  5:35  Drone x2  
  59  5:36  Drone  
  59  5:47  Drone x2  
  60  5:53  Roach x3  
  64  6:00  Roach x2  
  64  6:01  Queen  
  64  6:03  Roach  
  61  6:05  Roach x2  
  61  6:10  Spine Crawler  
  56  6:17  Roach x3  
  60  6:25  Extractor  
Show
View Real Time Build Order
Export as new Build Order

ViBE Zerg - Winner!

Build Orders: Hatch First, Zergling Baneling 

Get SALT Encoding   

  12  0:00  Drone  
  13  0:12  Overlord  
  13  0:17  Drone  
  14  0:30  Drone x2  
  16  0:48  Hatchery  
  15  0:53  Drone  
  15  0:55  Drone  
  17  1:00  Drone  
  18  1:10  Extractor  
  17  1:14  Spawning Pool  
  17  1:18  Drone  
  17  1:20  Drone  
  18  1:28  Drone  
  19  1:51  Overlord  
  19  2:02  Queen x2, Zergling x4  
  19  2:03  Drone  
  26  2:11  Drone x2  
  26  2:12  Metabolic Boost  
  28  2:21  Drone  
  29  2:23  Drone  
  30  2:33  Drone  
  30  2:34  Drone  
  32  2:46  Hatchery  
  32  2:47  Drone  
  32  2:52  Baneling Nest  
  32  2:58  Drone x3  
  32  3:05  Overlord  
  34  3:18  Zergling x4  
  36  3:22  Overlord  
  36  3:24  Drone x6  
  42  3:28  Queen  
  44  3:38  Baneling x2  
  44  3:39  Baneling x2  
  44  3:40  Zergling x4  
  46  3:45  Zergling x2  
  47  3:50  Zergling x10  
  49  4:10  Drone x7  
  56  4:22  Roach Warren  
  55  4:25  Evolution Chamber  
  55  4:29  Extractor  
  55  4:30  Extractor  
  52  4:31  Drone  
  52  4:32  Drone x4  
  57  4:43  Zergling x4  
  58  4:46  Overlord x2  
  58  4:55  Overlord x4  
  58  4:57  Baneling x4  
  58  5:17  Roach x3  
  58  5:19  Roach x2  
  58  5:20  Zergling x8, Roach x2  
  76  5:26  Roach  
  76  5:27  Roach  
  76  5:28  Zergling x8  
  84  5:35  Overlord  
  84  5:43  Zergling x2  
  84  5:44  Zergling x6  
  88  5:52  Zergling x4  
  83  6:08  Drone x11  
Tags
 
Matchup
ZvZ
Player
ViBE
Race
Zerg
Replay Pack
Diamond_Zerg
Add a new tag
Caveats
  • Supply blocks, unpowered buildings, or Contaminate may cause inaccurate times.
  • Supply counts are checked every 10 seconds.